[Event "Titled Tuesday Blitz March 21 Early 2023"]
[White "Derjabin, Ilja"]
[Black "Aradhya, Garg"]
[WhiteFideId "14104768"]
[BlackFideId "25006746"]
[WhiteElo "2309"]
[BlackElo "2263"]
[Result "0-1"]
[Round "08"]
[TimeControl "180+2"]
[Date "2023.03.21"]
[WhiteClock "0:00:07"]
[BlackClock "0:01:06"]

1. d4 d5 2. c4 c6 3. Nf3 Nf6 4. g3 Bf5 5. Nc3 e6 6. Bg2 Be7 7. Nh4 Be4 8. Nxe4 dxe4 9. O-O O-O 10. f3 exf3 11. Nxf3 c5 12. Ne5 Qc7 13. Bf4 Bd6 14. Kh1 Na6 15. e3 Rab8 16. Rc1 Nb4 17. a3 Nc6 18. Nxc6 bxc6 19. dxc5 Bxf4 20. exf4 Rxb2 21. Qd6 Qa5 22. h3 Rd8 23. Qxc6 Qxa3 24. Qc7 Rf8 25. Rf3 Qa2 26. Rg1 Qxc4 27. c6 Nd5 28. Qxa7 Qxc6 29. f5 exf5 30. Rxf5 Rxg2 31. Rxg2 Qc1+ 32. Kh2 Ne3 33. Rff2 Nxg2 34. Rxg2 Qg5 35. Qf2 h5 36. h4 Qg4 37. Qe2 Qg6 38. Qf3 Rd8 39. Re2 Rd3 40. Re3 Rd2+ 41. Re2 Rxe2+ 42. Qxe2 Qf5 43. Qd2 g6 44. Qe2 Kg7 45. Qb2+ Qf6 46. Qd2 Qe5 47. Qc2 g5 48. hxg5 h4 49. Qf2 Kg6 50. Kh3 Qxg3+ 51. Qxg3 hxg3 52. Kxg3 Kxg5 53. Kf3 Kf5 54. Ke3 Kg4 55. Ke2 Kg3 56. Kf1 f5 57. Kg1 f4 58. Kf1 Kf3 59. Kg1 Ke2 0-1


[Site "https://www.chess.com"]

[Event "Titled Tuesday Blitz March 21 Early 2023"]
[White "Berezin, Viktor"]
[Black "Liyanage, Ranindu Dilshan"]
[WhiteFideId "14107872"]
[BlackFideId "9915834"]
[WhiteElo "2310"]
[BlackElo "2199"]
[Result "0-1"]
[Round "08"]
[TimeControl "180+2"]
[Date "2023.03.21"]
[WhiteClock "0:00:01"]
[BlackClock "0:00:25"]

1. d4 Nf6 2. c4 e6 3. Nf3 d5 4. g3 dxc4 5. Bg2 a6 6. O-O Nc6 7. a4 Rb8 8. e3 b5 9. b3 cxb3 10. Qxb3 Bd7 11. axb5 axb5 12. Bb2 Bd6 13. Rc1 O-O 14. Ne5 Nb4 15. Nxd7 Qxd7 16. Nd2 Rfc8 17. e4 Be7 18. e5 Nfd5 19. Ne4 Nc6 20. Nc5 Bxc5 21. Rxc5 Nce7 22. Ra7 h6 23. h4 Rb6 24. Be4 Rcb8 25. Qc2 Rc6 26. Rxc6 Nxc6 27. Ra1 Nce7 28. Qc5 b4 29. Kg2 g6 30. h5 g5 31. Rc1 Qb5 32. Qa7 Rd8 33. Bf3 Qd3 34. Qc5 Nf5 35. Kg1 Qxf3 36. Rf1 Nh4 37. gxh4 Nf4 38. Qc6 Qxc6 0-1


[Site "https://www.chess.com"]

[Event "Titled Tuesday Blitz March 21 Early 2023"]
[White "Preotu, Razvan"]
[Black "Richter, Nils"]
[WhiteFideId "2613280"]
[BlackFideId "12990809"]
[WhiteElo "2407"]
[BlackElo "2381"]
[Result "0-1"]
[Round "08"]
[TimeControl "180+2"]
[Date "2023.03.21"]
[WhiteClock "0:00:08"]
[BlackClock "0:00:59"]

1. e4 c6 2. Nc3 d5 3. Nf3 Bg4 4. h3 Bxf3 5. Qxf3 e6 6. Be2 Nf6 7. O-O Be7 8. d3 O-O 9. Bf4 Nbd7 10. a4 Bb4 11. e5 Ne8 12. Na2 Be7 13. d4 c5 14. c4 Nc7 15. Rfd1 Bg5 16. Nc3 Bxf4 17. Qxf4 dxc4 18. Bf3 Qc8 19. dxc5 Na6 20. c6 bxc6 21. Rd6 Nb4 22. Qxc4 a5 23. Re1 Qc7 24. Qe4 Nf6 25. exf6 Qxd6 26. Qg4 g6 27. Qg5 Nd5 28. Bxd5 exd5 0-1


[Site "https://www.chess.com"]

[Event "Titled Tuesday Blitz March 21 Early 2023"]
[White "benny_aizenberg"]
[Black "Manukyan, Sargis A."]
[BlackFideId "13303970"]
[WhiteElo "2571"]
[BlackElo "2187"]
[Result "1-0"]
[Round "08"]
[TimeControl "180+2"]
[Date "2023.03.21"]
[WhiteClock "0:00:23"]
[BlackClock "0:00:55"]

1. e4 c5 2. d4 cxd4 3. c3 d6 4. cxd4 Nf6 5. Nc3 e6 6. Nf3 Be7 7. Bd3 O-O 8. O-O Nbd7 9. h3 e5 10. Bg5 h6 11. Bh4 a6 12. Bg3 exd4 13. Nxd4 Ne5 14. Be2 Bd7 15. f4 Nc6 16. e5 dxe5 17. fxe5 Qb6 18. exf6 Bxf6 19. Rxf6 gxf6 20. Bf2 Qxb2 21. Nd5 Kg7 22. Nxc6 Bxc6 23. Bd4 Qa3 24. Nxf6 Rad8 25. Nd7+ Kg8 26. Nxf8 Qg3 27. Bf1 Qf4 28. Bc5 Rxd1 29. Rxd1 Qe5 30. Bd6 Qe3+ 31. Kh2 Ba4 32. Rd3 Qe1 33. Rg3+ Kh8 34. Bd3 Bc6 35. Bh7 Qxg3+ 36. Kxg3 Kg7 37. Kf4 Bxg2 38. h4 Bd5 39. Be4 Bxa2 40. Nd7 b5 41. Bf8+ Kg8 42. Bxh6 b4 43. Nf6+ Kh8 44. Bf8 b3 45. h5 b2 46. h6 b1=Q 47. Bg7# 1-0


[Site "https://www.chess.com"]

[Event "Titled Tuesday Blitz March 21 Early 2023"]
[White "Garv Gaur"]
[Black "Perez Gormaz, Matias"]
[WhiteFideId "45030839"]
[BlackFideId "3406342"]
[WhiteElo "2068"]
[BlackElo "2362"]
[Result "0-1"]
[Round "08"]
[TimeControl "180+2"]
[Date "2023.03.21"]
[WhiteClock "0:00:04"]
[BlackClock "0:00:02"]

1. Nf3 d5 2. g3 Nd7 3. d4 Nb6 4. Bg2 Bf5 5. O-O e6 6. b3 c6 7. Bb2 Nf6 8. Nbd2 h6 9. c4 a5 10. a3 Nbd7 11. Re1 Be7 12. Ne5 Nxe5 13. dxe5 Nd7 14. e4 dxe4 15. Nxe4 Bxe4 16. Bxe4 Nc5 17. Qg4 O-O 18. Bc2 Qd2 19. Re2 Qg5 20. Qf3 h5 21. h3 Qh6 22. h4 Rfd8 23. Rae1 g6 24. Kg2 Rd7 25. Bc3 Na6 26. Ra1 Qf8 27. g4 hxg4 28. Qxg4 Qh6 29. Rh1 Qh5 30. Qxh5 gxh5 31. Rh3 Bxa3 32. Rg3+ Kf8 33. Bxa5 Bb4 34. Bxb4+ Nxb4 35. Bh7 Ke7 36. Rg7 Ra3 37. Re3 Ra2 38. Rf3 Kf8 39. Rg8+ Ke7 40. Rb8 Nc2 41. Be4 Ne1+ 42. Kg3 Nxf3 43. Bxf3 Rb2 44. Bxh5 Rxb3+ 45. Kg4 Rb4 46. Kg5 Rxc4 47. Bg4 Rc5 48. f4 Rc1 49. h5 Rg1 50. h6 Rd2 51. h7 Rdg2 52. Re8+ Kxe8 53. h8=Q+ Kd7 54. Kf6 Rxg4 55. Qb8 Rg6+ 56. Kxf7 Rg7+ 57. Kf6 R1g6# 0-1


[Site "https://www.chess.com"]

[Event "Titled Tuesday Blitz March 21 Early 2023"]
[White "Bronstein, Or"]
[Black "TimGrutter03"]
[WhiteFideId "2815770"]
[WhiteElo "2356"]
[BlackElo "2546"]
[Result "1-0"]
[Round "08"]
[TimeControl "180+2"]
[Date "2023.03.21"]
[WhiteClock "0:00:18"]
[BlackClock "0:00:05"]

1. Nf3 Nf6 2. c4 g6 3. Nc3 Bg7 4. e4 d6 5. d4 O-O 6. h3 e5 7. d5 Nh5 8. g3 Qe8 9. Be2 f5 10. exf5 gxf5 11. Nh4 Nf6 12. g4 f4 13. g5 Nfd7 14. Bg4 Nc5 15. b4 e4 16. bxc5 Bxc3+ 17. Bd2 Bxa1 18. Qxa1 e3 19. Bc3 exf2+ 20. Kf1 Qe4 21. Bf3 Qxc4+ 22. Kxf2 Qxc5+ 23. Kg2 Nd7 24. Rc1 Qe3 25. Re1 Qd3 26. Bh8 Ne5 27. Bxe5 dxe5 28. Qxe5 Bd7 29. Qxc7 Rf7 30. Qd6 Re8 31. Rxe8+ Bxe8 32. g6 hxg6 33. Qe6 Bd7 34. Qe5 Qd2+ 35. Kg1 Qe3+ 36. Qxe3 fxe3 37. Kf1 Bxh3+ 38. Ke2 g5 39. Ng6 g4 40. Be4 Rf2+ 41. Kxe3 Rxa2 42. d6 g3 43. Nf4 Bd7 44. Bd5+ Kg7 45. Bxa2 Kf6 46. Kd4 Bc6 47. Bd5 a5 48. Bxc6 bxc6 49. Kc5 a4 50. Kxc6 a3 51. d7 a2 52. d8=Q+ Kf5 53. Qd5+ Kxf4 54. Qxa2 Ke3 55. Qg2 1-0


[Site "https://www.chess.com"]

[Event "Titled Tuesday Blitz March 21 Early 2023"]
[White "Korchmar, Vasiliy"]
[Black "Omelja, Artem"]
[WhiteFideId "24131750"]
[BlackFideId "14119846"]
[WhiteElo "2370"]
[BlackElo "2404"]
[Result "0-1"]
[Round "08"]
[TimeControl "180+2"]
[Date "2023.03.21"]
[WhiteClock "0:00:07"]
[BlackClock "0:00:05"]

1. e4 c5 2. Nf3 Nc6 3. d4 cxd4 4. Nxd4 Nf6 5. Nc3 e5 6. Ndb5 d6 7. Nd5 Nxd5 8. exd5 Nb8 9. a4 Be7 10. Be2 O-O 11. O-O Nd7 12. Kh1 f5 13. f4 exf4 14. Bxf4 a6 15. Nd4 Ne5 16. a5 Bf6 17. c4 g5 18. Bg3 f4 19. Bf2 Bd7 20. b4 Rc8 21. Rc1 Qe7 22. c5 Bg7 23. c6 Bf5 24. Nxf5 Rxf5 25. cxb7 Qxb7 26. Rxc8+ Qxc8 27. b5 f3 28. gxf3 axb5 29. Qb1 Nxf3 30. Rc1 Qf8 31. Qe4 Ne5 32. Bg1 Rf4 33. Qg2 Nf3 34. Be3 Re4 35. Bxf3 Rxe3 36. a6 Ra3 37. Bg4 Bc3 38. Be6+ Kh8 39. a7 Rxa7 40. Qxg5 Qf3+ 41. Qg2 Qxg2+ 42. Kxg2 b4 43. Rf1 Kg7 44. Rf3 Be5 45. Rb3 Ra2+ 46. Kf3 Bc3 47. h3 Kf6 48. Ke4 Ra1 49. Bg8 h6 50. Be6 Kg5 51. Kd3 Kf4 52. Kc4 Ke3 53. Kb5 Kd2 54. Rxb4 Bxb4 55. Kxb4 Rc1 56. Kb5 Ke3 57. Kb6 Kf4 58. Bd7 Ke5 59. Bc6 Rc5 60. Kc7 Rxd5 0-1


[Site "https://www.chess.com"]

[Event "Titled Tuesday Blitz March 21 Early 2023"]
[White "Matinian, Nikita"]
[Black "Rom, Jasper"]
[WhiteFideId "24129100"]
[BlackFideId "2023733"]
[WhiteElo "2422"]
[BlackElo "2233"]
[Result "1-0"]
[Round "08"]
[TimeControl "180+2"]
[Date "2023.03.21"]
[WhiteClock "0:00:14"]
[BlackClock "0:00:07"]

1. e4 e6 2. d3 d5 3. Nd2 Nf6 4. g3 dxe4 5. dxe4 Bc5 6. Bg2 e5 7. Ngf3 Nc6 8. O-O O-O 9. c3 a5 10. Qe2 b6 11. Nc4 Ba6 12. b3 a4 13. Bg5 h6 14. Rad1 Qe7 15. Bxf6 Qxf6 16. b4 Bd6 17. a3 Qe6 18. Nfd2 Rfd8 19. Rfe1 Be7 20. Bf1 Bg5 21. Nf3 Be7 22. h4 f6 23. Kh2 Rxd1 24. Rxd1 Rd8 25. Rxd8+ Nxd8 26. Nfd2 Nb7 27. Bh3 Qf7 28. Bc8 Bf8 29. Kg2 Qe8 30. Qg4 Qc6 31. Be6+ Kh8 32. Bd5 Qe8 33. Ne3 Nd6 34. h5 Bc8 35. Qg6 Qxg6 36. hxg6 Bd7 37. f4 exf4 38. gxf4 Be7 39. f5 Nc8 40. Be6 Bxe6 41. fxe6 Bd6 42. Nf5 Ne7 43. Nc4 Bf4 44. Nxe7 1-0


[Site "https://www.chess.com"]

[Event "Titled Tuesday Blitz March 21 Early 2023"]
[White "Santos Flores, Alberto"]
[Black "Lewtak, Damian"]
[WhiteFideId "3601234"]
[BlackFideId "1141724"]
[WhiteElo "2235"]
[BlackElo "2302"]
[Result "0-1"]
[Round "08"]
[TimeControl "180+2"]
[Date "2023.03.21"]
[WhiteClock "0:00:02"]
[BlackClock "0:00:43"]

1. e4 c5 2. Nf3 d6 3. Bb5+ Bd7 4. Bxd7+ Nxd7 5. c4 g6 6. d4 cxd4 7. Nxd4 Bg7 8. Nc3 Ngf6 9. Be3 a6 10. f3 Rc8 11. b3 b5 12. O-O bxc4 13. bxc4 O-O 14. Qa4 Nc5 15. Qa3 Nfd7 16. Rab1 Ne5 17. Bf2 Nxc4 18. Qc1 Nd3 19. Qc2 Nxf2 20. Qxf2 Ne5 21. Nd5 e6 22. Nb4 a5 23. Nbc2 Rc4 24. Qd2 Qc7 25. Kh1 Qc5 26. Rfd1 Rc8 27. Ne3 Bh6 28. Rb3 Rxd4 29. Qxd4 Qxd4 30. Rxd4 Bxe3 0-1


[Site "https://www.chess.com"]

[Event "Titled Tuesday Blitz March 21 Early 2023"]
[White "De Silva, L M S T"]
[Black "Staudenhocker43"]
[WhiteFideId "9953698"]
[WhiteElo "2403"]
[BlackElo "2513"]
[Result "0-1"]
[Round "08"]
[TimeControl "180+2"]
[Date "2023.03.21"]
[WhiteClock "0:01:06"]
[BlackClock "0:01:10"]

1. e4 e5 2. Nc3 Nf6 3. Bc4 Nxe4 4. Qh5 Nd6 5. Bb3 Be7 6. Qxe5 O-O 7. Nf3 Nc6 8. Qf4 Na5 9. O-O Nxb3 10. axb3 Ne8 11. d4 d5 12. Re1 c6 13. Ne5 Nd6 14. b4 Bf5 15. b5 cxb5 16. Nxd5 Bxc2 17. Bd2 Bf6 18. Ng4 Bh4 19. g3 f5 20. Nge3 Bg5 21. Qe5 Re8 22. Nxc2 Rxe5 23. dxe5 Bxd2 24. Red1 Ne4 25. Nc3 Qd3 26. Nxe4 fxe4 27. Ne3 Qe2 28. Nf1 e3 29. fxe3 Bxe3+ 30. Nxe3 Qxe3+ 31. Kh1 Qxe5 32. b4 Qe4+ 33. Kg1 Qxb4 34. h4 h6 35. h5 a5 36. Ra2 Qc5+ 37. Rf2 Rf8 38. Rf1 b4 39. g4 b3 40. g5 hxg5 41. h6 gxh6 42. Kg2 Qxf2+ 0-1


[Site "https://www.chess.com"]

[Event "Titled Tuesday Blitz March 21 Early 2023"]
[White "Itgelt, Khuyagtsogt"]
[Black "Ben Artzi, Ido"]
[WhiteFideId "4902912"]
[BlackFideId "2810913"]
[WhiteElo "2227"]
[BlackElo "2204"]
[Result "1-0"]
[Round "08"]
[TimeControl "180+2"]
[Date "2023.03.21"]
[WhiteClock "0:00:44"]
[BlackClock "0:00:11"]

1. d4 Nf6 2. c4 e6 3. Nf3 d5 4. g3 dxc4 5. Bg2 c5 6. O-O Nc6 7. Ne5 Bd7 8. Nxd7 Qxd7 9. dxc5 Bxc5 10. Qxd7+ Kxd7 11. Nd2 c3 12. bxc3 Rhd8 13. Nb3 Bb6 14. c4 Rac8 15. c5 Bc7 16. Bb2 Ke7 17. Rfd1 Rxd1+ 18. Rxd1 Rd8 19. Rc1 g6 20. Kf1 Nd5 21. a3 Be5 22. Bxe5 Nxe5 23. Na5 b6 24. cxb6 axb6 25. Nb3 Ra8 26. Bxd5 exd5 27. Rc7+ Kd6 28. Rb7 Nd7 29. Nd4 Ra5 30. e3 f5 31. h4 h5 32. Ke2 Ra6 33. Kf3 Nc5 34. Rg7 Rxa3 35. Rxg6+ Ke5 36. Nc6# 1-0


[Site "https://www.chess.com"]

[Event "Titled Tuesday Blitz March 21 Early 2023"]
[White "Chernobay, Artem"]
[Black "Sreyas Payyappat"]
[WhiteFideId "4167406"]
[BlackFideId "46674969"]
[WhiteElo "2474"]
[BlackElo "2083"]
[Result "1-0"]
[Round "08"]
[TimeControl "180+2"]
[Date "2023.03.21"]
[WhiteClock "0:00:25"]
[BlackClock "0:00:18"]

1. e4 c6 2. d4 d5 3. e5 Bf5 4. Be3 e6 5. Nd2 c5 6. c3 Nc6 7. a3 cxd4 8. cxd4 Qb6 9. b4 Nxd4 10. Rc1 f6 11. exf6 Nxf6 12. Nb3 e5 13. Nxd4 exd4 14. Bxd4 Qe6+ 15. Be2 Bd6 16. Bxf6 gxf6 17. Nf3 O-O 18. Nd4 Qe5 19. Nxf5 Qxf5 20. O-O Rad8 21. Rc3 Kh8 22. Rh3 Rf7 23. Bd3 Qg5 24. Qc2 Rg7 25. f4 Bxf4 26. Bxh7 Bd2 27. Bf5+ Kg8 28. Be6+ Kf8 29. Qc5+ Ke8 30. Rh8+ 1-0


[Site "https://www.chess.com"]

[Event "Titled Tuesday Blitz March 21 Early 2023"]
[White "Rozman, Levy"]
[Black "Jakubowska, Anna"]
[WhiteFideId "2039877"]
[BlackFideId "1121952"]
[WhiteElo "2376"]
[BlackElo "2001"]
[Result "1-0"]
[Round "08"]
[TimeControl "180+2"]
[Date "2023.03.21"]
[WhiteClock "0:01:11"]
[BlackClock "0:00:17"]

1. e4 c6 2. d4 d5 3. f3 dxe4 4. fxe4 e5 5. Nf3 exd4 6. Bc4 Be6 7. Nbd2 Bxc4 8. Nxc4 Bc5 9. O-O Ne7 10. Ng5 d3+ 11. Kh1 Rf8 12. Nxh7 Rh8 13. Qh5 Ng6 14. Ne5 dxc2 15. Nxg6 Rxh7 16. Qxh7 Qd1 17. Qg8+ Kd7 18. Qxf7+ Kc8 19. Bf4 1-0


[Site "https://www.chess.com"]

[Event "Titled Tuesday Blitz March 21 Early 2023"]
[White "Carrasco Miranda, Andres"]
[Black "Tregubov, Pavel V."]
[WhiteFideId "3405990"]
[BlackFideId "4115341"]
[WhiteElo "2183"]
[BlackElo "2425"]
[Result "0-1"]
[Round "08"]
[TimeControl "180+2"]
[Date "2023.03.21"]
[WhiteClock "0:00:33"]
[BlackClock "0:00:19"]

1. d4 Nf6 2. c4 e6 3. g3 Bb4+ 4. Nd2 O-O 5. Bg2 Re8 6. Nf3 a5 7. O-O Bf8 8. e4 d6 9. b3 e5 10. Bb2 Nc6 11. h3 exd4 12. Nxd4 Nxd4 13. Bxd4 g6 14. Re1 Bg7 15. Qc2 Bd7 16. Rad1 Qc8 17. Kh2 Ng4+ 18. hxg4 Bxd4 19. f3 Bg7 20. Nb1 a4 21. b4 b5 22. cxb5 Bxb5 23. Nc3 Qb8 24. a3 Bd7 25. g5 c6 26. Qd2 Be6 27. Ne2 Rd8 28. Nf4 Bb3 29. Rc1 d5 30. exd5 cxd5 31. Re7 Ra7 32. Rce1 Rxe7 33. Rxe7 d4 34. Nd3 Qd6 35. Re4 Bd5 36. Rf4 Bc4 37. Nc5 Re8 38. Re4 Re5 39. f4 Rxe4 40. Bxe4 h6 41. gxh6 Bxh6 42. Kg2 Bg7 43. Bd3 Bd5+ 44. Be4 Bxe4+ 45. Nxe4 Qd5 0-1


[Site "https://www.chess.com"]

[Event "Titled Tuesday Blitz March 21 Early 2023"]
[White "Zamorano, Jorge"]
[Black "Rios Escobar, Adan"]
[WhiteFideId "173770"]
[BlackFideId "3403645"]
[WhiteElo "2331"]
[BlackElo "2420"]
[Result "1-0"]
[Round "08"]
[TimeControl "180+2"]
[Date "2023.03.21"]
[WhiteClock "0:00:08"]
[BlackClock "0:00:01"]

1. e4 c5 2. Nf3 d6 3. d4 cxd4 4. Nxd4 Nf6 5. Nc3 a6 6. Bc4 e6 7. Bb3 b5 8. Bg5 Be7 9. Qf3 Ra7 10. O-O-O Qc7 11. Be3 Rb7 12. g4 Nbd7 13. g5 Ne5 14. Qg3 Nfg4 15. Bd2 Qb6 16. Nce2 Nc4 17. Qxg4 e5 18. Qxc8+ Bd8 19. Nc6 O-O 20. Nxd8 Rxd8 21. Qh3 a5 22. a3 a4 23. Bxc4 bxc4 24. Bb4 Qxf2 25. Nc3 Rxb4 26. axb4 a3 27. bxa3 Ra8 28. Nd5 Qa7 29. Qc3 Qa6 30. Nc7 Qa7 31. Nxa8 Qxa8 32. Rxd6 h5 33. gxh6 Qb8 34. Rhd1 Qb7 35. hxg7 Qxe4 36. Rd8+ Kxg7 37. Qg3+ Kf6 38. R1d6+ Ke7 39. R8d7+ Kf8 40. Rd8+ Ke7 41. R6d7+ Ke6 42. Qh3+ Kf6 43. Qh6+ 1-0


[Site "https://www.chess.com"]

[Event "Titled Tuesday Blitz March 21 Early 2023"]
[White "Tillyaev, Ulugbek"]
[Black "Jovic, Stanoje"]
[WhiteFideId "14202441"]
[BlackFideId "905020"]
[WhiteElo "2377"]
[BlackElo "2236"]
[Result "1-0"]
[Round "08"]
[TimeControl "180+2"]
[Date "2023.03.21"]
[WhiteClock "0:00:37"]
[BlackClock "0:00:01"]

1. Nf3 Nf6 2. c4 c5 3. b3 d5 4. cxd5 Nxd5 5. Bb2 Nc6 6. g3 Bg4 7. Bg2 Qd7 8. h3 Bf5 9. d3 Ndb4 10. a3 Na6 11. Nbd2 f6 12. Nh4 Be6 13. Rc1 g5 14. Nhf3 h5 15. Nxg5 fxg5 16. Bxh8 O-O-O 17. Ne4 Bh6 18. Bb2 g4 19. hxg4 Bxc1 20. Qxc1 Bxg4 21. Nxc5 Nxc5 22. Qxc5 Qe6 23. Qc2 Kb8 24. f3 Qd6 25. Kf2 Nd4 26. Bxd4 Qxd4+ 27. e3 Qf6 28. Rc1 Rc8 29. Qd2 Rf8 30. Qc3 Qd6 31. f4 Rc8 32. Qb4 Qxb4 33. Rxc8+ Kxc8 34. axb4 Be6 35. Bf3 Bxb3 36. Bxh5 Kc7 37. g4 Kb6 38. Be8 a5 39. bxa5+ Kxa5 40. Ke2 Kb4 41. Kd2 Kc5 42. Kc3 Bd1 43. g5 Kd6 44. e4 Be2 45. d4 e6 46. Kb4 b6 47. g6 Ke7 48. g7 1-0


[Site "https://www.chess.com"]

[Event "Titled Tuesday Blitz March 21 Early 2023"]
[White "Domingo Nunez, Ruben"]
[Black "Shukhman, Anna"]
[WhiteFideId "22245570"]
[BlackFideId "54180058"]
[WhiteElo "2404"]
[BlackElo "2125"]
[Result "1-0"]
[Round "08"]
[TimeControl "180+2"]
[Date "2023.03.21"]
[WhiteClock "0:00:07"]
[BlackClock "0:00:27"]

1. b3 Nf6 2. Bb2 g6 3. Nf3 Bg7 4. e3 O-O 5. Be2 d6 6. O-O e5 7. d4 exd4 8. exd4 b6 9. d5 Nbd7 10. c4 a5 11. Nd4 Bb7 12. Nc3 Nc5 13. Bf3 Re8 14. Qc2 Qd7 15. h3 a4 16. b4 a3 17. Bc1 Nce4 18. Nxe4 Nxe4 19. Be3 f5 20. Rac1 Qa4 21. Qb1 Bxd4 22. Bxd4 Nd2 23. Qd3 Nxf1 24. Bc3 Qd7 25. Qd4 Re5 26. Qh4 Rae8 27. Rxf1 Qe7 28. Qf4 g5 29. Qd4 Bc8 30. Bh5 Rf8 31. f4 gxf4 32. Qxf4 Qg7 33. Rf3 Re4 34. Bxg7 Rxf4 35. Rg3 Rg4 36. Bxg4 Kxg7 37. Bxf5+ Kf6 38. Bxh7 Re8 39. Rxa3 Re2 40. Ra8 Bd7 41. Ra7 Re7 42. Bd3 Bf5 43. Bf1 Ke5 44. a4 Kd4 45. a5 bxa5 46. bxa5 Re1 47. Kf2 Ra1 48. a6 Ra2+ 49. Kg3 Ra3+ 50. Kf4 Bd3 51. Bxd3 Kxd3 52. Rxc7 Rxa6 53. Rc6 Ra4 54. Rxd6 Rxc4+ 55. Kf5 Rc2 56. g4 Rf2+ 57. Kg5 Ke4 58. Rf6 Rh2 59. h4 Kxd5 60. h5 Ke5 61. Rf5+ Ke6 62. h6 Rh1 63. Rf2 Ke7 64. Kg6 Ra1 65. Kg7 Ra7 66. Rf7+ Ke6 67. Rxa7 Ke5 68. h7 Ke4 69. h8=Q Ke3 70. Qh6+ Ke4 71. Ra4+ Kd3 72. Qd6+ Ke2 73. Ra3 Kf2 74. Qd2+ Kf1 75. Ra1# 1-0


[Site "https://www.chess.com"]

[Event "Titled Tuesday Blitz March 21 Early 2023"]
[White "Vakhlamov, Igor L."]
[Black "Bodnaruk, Anastasia"]
[WhiteFideId "24126748"]
[BlackFideId "4181751"]
[WhiteElo "2400"]
[BlackElo "2310"]
[Result "0-1"]
[Round "08"]
[TimeControl "180+2"]
[Date "2023.03.21"]
[WhiteClock "0:00:05"]
[BlackClock "0:00:11"]

1. e4 c5 2. Nf3 d6 3. Nc3 Nf6 4. d4 cxd4 5. Qxd4 Nc6 6. Bb5 Bd7 7. Bxc6 Bxc6 8. Bg5 e6 9. O-O-O Be7 10. Rhe1 O-O 11. e5 dxe5 12. Nxe5 Qc7 13. Qc4 Rfd8 14. Nxc6 Qxc6 15. Qxc6 bxc6 16. Bxf6 Bxf6 17. Ne4 Be7 18. c3 f6 19. f4 Kf7 20. Kc2 h6 21. a4 g5 22. g3 f5 23. Nd2 gxf4 24. gxf4 Bd6 25. Rf1 Bc7 26. Nb3 Rxd1 27. Kxd1 Rg8 28. Nd4 c5 29. Nb5 Bb8 30. Rf2 Rg4 31. Rd2 Ke7 32. b4 a6 33. Na3 cxb4 34. cxb4 Rxf4 35. Rb2 Bd6 36. Nc2 e5 37. b5 axb5 38. axb5 Kd7 39. b6 Kc8 40. b7+ Kb8 41. Ne3 Bc5 42. Ng2 Rf1+ 43. Ne1 e4 44. Rb5 Bd4 45. Ke2 Rf2+ 46. Kd1 Rxh2 47. Nc2 Bc3 48. Rc5 Bd2 49. Rxf5 e3 50. Re5 Rh3 51. Re7 h5 52. Nd4 Rh1+ 53. Ke2 Rc1 54. Nb3 Rc2 55. Kd3 Rc3+ 56. Ke4 Rxb3 57. Kd5 Rxb7 58. Rxe3 Bxe3 0-1


[Site "https://www.chess.com"]

[Event "Titled Tuesday Blitz March 21 Early 2023"]
[White "Narayanan, Srinath"]
[Black "The_Sherman_Variation"]
[WhiteFideId "5018420"]
[WhiteElo "2438"]
[BlackElo "2544"]
[Result "0-1"]
[Round "08"]
[TimeControl "180+2"]
[Date "2023.03.21"]
[WhiteClock "0:00:34"]
[BlackClock "0:01:30"]

1. Nf3 Nf6 2. c4 g6 3. b3 Bg7 4. Bb2 O-O 5. g3 d6 6. Bg2 e5 7. O-O Nc6 8. Nc3 Nh5 9. d3 f5 10. Nd5 f4 11. Qd2 g5 12. Rac1 Be6 13. Qc2 b6 14. Nd2 Qd7 15. Ne4 h6 16. Rfd1 Bh3 17. Bh1 Nd4 18. Qd2 c6 19. Ndc3 Rf7 20. e3 fxe3 21. fxe3 Nf3+ 22. Bxf3 Rxf3 23. Nf2 Raf8 24. Nxh3 Qxh3 25. Rc2 Rf1+ 0-1


[Site "https://www.chess.com"]

[Event "Titled Tuesday Blitz March 21 Early 2023"]
[White "Mackster23"]
[Black "Sattarov, Bobir"]
[BlackFideId "14203081"]
[WhiteElo "2537"]
[BlackElo "2351"]
[Result "0-1"]
[Round "08"]
[TimeControl "180+2"]
[Date "2023.03.21"]
[WhiteClock "0:00:13"]
[BlackClock "0:00:23"]

1. e4 e5 2. Nf3 Nc6 3. Bc4 Bc5 4. O-O d6 5. c3 Qf6 6. Na3 Nge7 7. Nc2 h6 8. d4 Bb6 9. a4 a6 10. h3 O-O 11. d5 Nb8 12. Be3 Nd7 13. a5 Ba7 14. b4 Ng6 15. Bd3 Nf4 16. Bxa7 Rxa7 17. Kh2 Re8 18. Ne3 Nf8 19. c4 g5 20. c5 N8g6 21. cxd6 cxd6 22. Rc1 Bd7 23. Rg1 Rc8 24. Rxc8+ Bxc8 25. Qc2 Ra8 26. Bf1 Nxh3 27. gxh3 Qxf3 28. Rg3 Qf4 29. Bg2 Nh4 30. Qc7 Qf6 31. Nc4 Qxf2 32. Qxd6 Bxh3 33. Kxh3 Nxg2 34. Qxh6 Nf4+ 35. Kg4 Ng6 36. Qxg5 Qe2+ 37. Kf5 Qxc4 38. Rf3 Qc8+ 39. Kf6 Qd8+ 40. Kf5 Qd7+ 41. Kf6 Rc8 42. Rg3 Rc6+ 43. dxc6 Qe6# 0-1


[Site "https://www.chess.com"]

[Event "Titled Tuesday Blitz March 21 Early 2023"]
[White "Hamitevici, Vladimir"]
[Black "Reprintsev, Alexander"]
[WhiteFideId "13902393"]
[BlackFideId "14100541"]
[WhiteElo "2401"]
[BlackElo "2229"]
[Result "0-1"]
[Round "08"]
[TimeControl "180+2"]
[Date "2023.03.21"]
[WhiteClock "0:00:02"]
[BlackClock "0:00:34"]

1. e4 d5 2. exd5 Qxd5 3. Nc3 Qa5 4. d4 Nf6 5. Nf3 Nc6 6. Bb5 Ne4 7. Bd2 Nxc3 8. Bxc6+ bxc6 9. Bxc3 Qd5 10. O-O Bg4 11. Qd3 Bxf3 12. Qxf3 Qxf3 13. gxf3 e6 14. a4 Rb8 15. a5 Bb4 16. Ra4 Bxc3 17. bxc3 Kd7 18. Rc1 Rb5 19. Kf1 Rhb8 20. Ke2 Rh5 21. Rh1 Rbb5 22. a6 c5 23. dxc5 Kc6 24. c4 Rbxc5 25. Kd3 Rcf5 26. Ke2 Rh3 27. Ra3 Rh4 28. Rb1 Rxc4 29. Rb7 Rxc2+ 30. Ke3 Re5+ 31. Kf4 Rcc5 32. Rxa7 g5+ 33. Kg4 Rc4+ 34. Kg3 h5 35. Rb7 Re1 36. Kg2 Rcc1 37. f4 Rg1+ 38. Kf3 g4+ 39. Ke4 Ra1 40. Rbb3 Rae1+ 41. Kd4 Rd1+ 42. Rd3 Rxd3+ 43. Kxd3 Rd1+ 44. Ke4 Rd8 45. Ke5 Ra8 46. Kf6 Kd5 47. Kxf7 c5 48. Rd3+ Ke4 49. Rd6 Kxf4 50. Rxe6 c4 51. Rf6+ Ke4 52. Kg6 Kd5 53. Kxh5 c3 54. Rf5+ Kd4 55. Rf6 Kd5 56. Rf5+ Kd6 57. Rf4 Rc8 58. a7 c2 59. Rd4+ Ke5 0-1


[Site "https://www.chess.com"]

[Event "Titled Tuesday Blitz March 21 Early 2023"]
[White "Darini, Pouria"]
[Black "Vaglio Munoz, Jaime"]
[WhiteFideId "12502200"]
[BlackFideId "6500145"]
[WhiteElo "2482"]
[BlackElo "2199"]
[Result "1-0"]
[Round "08"]
[TimeControl "180+2"]
[Date "2023.03.21"]
[WhiteClock "0:01:32"]
[BlackClock "0:00:06"]

1. e4 c6 2. d4 d5 3. e5 c5 4. Nf3 Nc6 5. dxc5 Bg4 6. c3 e6 7. Be3 Qc7 8. Bb5 a6 9. Ba4 Ne7 10. O-O Ng6 11. h3 Bxf3 12. Qxf3 Qxe5 13. c4 Qe4 14. Qxe4 dxe4 15. Nc3 f5 16. b4 Kf7 17. a3 Nce5 18. Rad1 Nxc4 19. Bd7 Nxa3 20. Ne2 Be7 21. Nd4 Nf8 22. Ba4 Nc4 23. Bb3 Ne5 24. Nxf5 Nc6 25. f3 Ke8 26. Nxg7+ Kf7 27. Nxe6 Nxe6 28. fxe4+ Ke8 29. Bxe6 Nd8 30. Bd7# 1-0


[Site "https://www.chess.com"]

[Event "Titled Tuesday Blitz March 21 Early 2023"]
[White "Belozerov, Andrei"]
[Black "Yosha_Iglesias"]
[WhiteFideId "4120213"]
[WhiteElo "2360"]
[BlackElo "2476"]
[Result "1-0"]
[Round "08"]
[TimeControl "180+2"]
[Date "2023.03.21"]
[WhiteClock "0:00:24"]
[BlackClock "0:00:01"]

1. e4 c5 2. Nf3 d6 3. Bb5+ Bd7 4. Bxd7+ Qxd7 5. c4 e5 6. Nc3 g6 7. a3 Ne7 8. b4 Bg7 9. Nd5 Nxd5 10. cxd5 b6 11. d3 O-O 12. bxc5 bxc5 13. Nd2 f5 14. Nc4 Qe7 15. Rb1 Nd7 16. O-O Rab8 17. Bd2 Rxb1 18. Qxb1 Rb8 19. Qc2 Qf8 20. Rb1 Nb6 21. Na5 Bh6 22. Be1 fxe4 23. dxe4 Qf7 24. a4 Rf8 25. Nc6 Nd7 26. Rb7 Be3 27. Rxd7 Qxd7 28. fxe3 Qg4 29. h3 Qg5 30. Qe2 a6 31. Kh2 h5 32. Na5 h4 33. Nc4 Rf6 34. Qg4 Qxg4 35. hxg4 g5 36. Ba5 Kf7 37. Bc7 Ke7 38. Kg1 Kd7 39. Bxd6 Rxd6 40. Nxd6 Kxd6 41. Kf2 c4 42. Ke2 a5 43. Kd2 1-0


[Site "https://www.chess.com"]